 Dungeon Crawl Stone Soup version 0.18-a0-1577-gf591c28 (webtiles) character file.

1883 dvd the Reanimator (level 8, -5/64 HPs)
             Began as a Deep Dwarf Necromancer on Mar 20, 2016.
             Slain by a mummy (12 damage)
             ... on level 7 of the Dungeon.
             The game lasted 00:39:27 (8267 turns).

dvd the Reanimator (Deep Dwarf Necromancer)         Turns: 8267, Time: 00:39:27

Health: -5/64      AC:  8    Str: 12    XL:     8   Next: 92%
Magic:  8/17       EV: 13    Int: 25    God:
Gold:   468        SH:  0    Dex:  9    Spells: 4 memorised, 7 levels left

rFire  . . .     SeeInvis .     G - +0 flail
rCold  . . .     Gourm    .     a - +0 robe
rNeg   . . .     Faith    .     (no shield)
rPois  .         Spirit   .     x - +0 helmet
rElec  .         Dismiss  .     H - +1 cloak of the Beekeeper {Int+3}
rCorr  .         Reflect  .     C - +2 pair of gloves
SustAt .         Harm     .     (no boots)
MR     +....                    h - amulet of rage
Stlth  ++........               (no ring)
                                A - +4 ring of intelligence

@: non-regenerating, slowed, very slow, somewhat resistant to hostile
enchantments, unstealthy
A: damage resistance, recharge devices, clumsy 2, deterioration 1, sense
surroundings 1, slow regeneration 3
a: Device Recharging, Evoke Berserk Rage


You were on level 7 of the Dungeon.
You were hungry.

You visited 2 branches of the dungeon, and saw 8 of its levels.

You collected 468 gold pieces.

Inventory:

Hand Weapons
 g - a +2 short sword
 l - a +1 short sword of venom
 q - a +0 war axe
 y - a +0 hunting sling
 F - a cursed +0 falchion
 G - a +0 flail (weapon)
Missiles
 r - 15 sling bullets of frost
 B - 73 sling bullets
 E - 4 tomahawks (quivered)
Armour
 a - a +0 robe (worn)
 n - a +0 ring mail
 x - a +0 helmet (worn)
 C - a +2 pair of gloves (worn)
 H - the +1 cloak of the Beekeeper (worn) {Int+3}
   (You found it on level 4 of the Dungeon)

   It affects your intelligence (+3).
Magical Staves
 O - an uncursed staff of death
Jewellery
 h - an amulet of rage (around neck)
 A - a +4 ring of intelligence (left hand)
Wands
 c - a wand of heal wounds (8/9)
 j - a wand of hasting (2/9)
 L - a wand of confusion (11/48)
Scrolls
 k - 6 scrolls of amnesia
 o - 4 scrolls of enchant armour
 s - 3 scrolls of blinking
 t - 4 scrolls of remove curse
 u - 3 scrolls of identify
 w - a scroll of recharging
 z - 2 scrolls of magic mapping
 D - 3 scrolls of teleportation
Potions
 e - a potion of flight
 i - 2 potions of heal wounds
 m - a potion of resistance
 I - a potion of invisibility
Books
 b - a book of Necromancy

   Spells                             Type                      Level
   a - Pain                           Necromancy                   1
   b - Animate Skeleton               Necromancy                   1
   c - Vampiric Draining              Necromancy                   3
   d - Regeneration                   Charms/Necromancy            3
   e - Animate Dead                   Necromancy                   4
   f - Control Undead                 Necromancy                   4
 v - a book of Fire

   Spells                             Type                      Level
   a - Ignite Poison                  Fire/Transmutation/Poison    3
   b - Fireball                       Conjuration/Fire             5
   c - Bolt of Fire                   Conjuration/Fire             6
   d - Delayed Fireball               Conjuration/Fire             7
   e - Ring of Flames                 Charms/Fire                  7
Comestibles
 d - 6 bread rations
 f - 2 meat rations
 p - 5 fruits


   Skills:
 + Level 1.3 Fighting
 + Level 0.5 Short Blades
 + Level 0.7(1.0) Axes
 + Level 0.6(1.2) Maces & Flails
 + Level 1.0(1.1) Staves
 + Level 0.9(1.0) Slings
 + Level 0.1(0.4) Throwing
 + Level 5.8 Dodging
 + Level 3.5 Stealth
 + Level 6.3 Spellcasting
 + Level 8.2 Necromancy


You had 7 spell levels left.
You knew the following spells:

 Your Spells              Type           Power        Failure   Level  Hunger
a - Pain                  Necr           ####         1%          1    None
b - Vampiric Draining     Necr           #####.....   1%          3    None
c - Animate Dead          Necr           N/A          2%          4    ###....
d - Control Undead        Necr           #####.....   2%          4    ###....


Dungeon Overview and Level Annotations

Branches:
Dungeon (7/15)             Temple (1/1) D:5

Altars:
Ashenzari
Dithmenos
Fedhas
Gozag
Makhleb
Nemelex Xobeh
Okawaru
Pakellas
Ru
Sif Muna
Trog
Vehumet
Xom
Yredelemnul

Shops:
D:6 *


Innate Abilities, Weirdness & Mutations

You are resistant to damage.
You can recharge devices by infusing magical energy.
You passively map a small area around you.
You do not regenerate naturally.
You are very clumsy. (Dex -4)
Your body sometimes deteriorates upon taking damage.


Message History

Your wraith barely misses the human zombie.
Your human zombie hits the human zombie.
Your wraith hits the human zombie!
The human zombie is destroyed!
You swap places.
You swap places.
The wraith is no longer charmed.
Your human zombie barely misses the wraith.
You open the door.
A mummy comes into view.
You hit the wraith but do no damage.
The wraith is almost destroyed.
The human zombie is no longer charmed.
The wraith hits you!
* * * LOW HITPOINT WARNING * * *
The wraith drains your vigour!
You feel yourself slow down. The wraith hits you but does no damage.
The mummy misses you.
You barely miss the wraith.
The wraith is almost destroyed.
The wraith hits you but does no damage. The mummy hits you!
You die...

.......#
#..##.'.'.#
#.# .......#
##.####.###
#.# ,
.......#
..#.[.'.# #.#
.......#
*#.###.###
#.# .......#
.#.'.†.# #.#
* .......#
*####.###
#.#######
.......#
#.'Z'.#
#.##.....
.#######
###W###
#.##.#### .#
#.M@+
#####'##.####
.# ###.#
#........#...
.# +.+
#........#.##
.##### #####
#........#.#
.....#
#######..##
#........#.#
.....#
#.........#
#........#.#
.....#
#.......>.#
#........#.#
######
#.........#
#........#.#
#.........#
#........#.#


You could see a wraith, a mummy and a human zombie.

Vanquished Creatures
  A hippogriff (D:7)
  An orc warrior (D:6)
  An ice beast (D:6)
  An ogre (D:4)
  A centaur (D:7)
  3 scorpions
  A howler monkey (D:4)
  2 crimson imps
  A jelly (D:7)
  5 hounds
  A giant frog skeleton (D:7)
  A centaur zombie (D:4)
  5 orc priests
  8 orc wizards
  3 iguanas
  3 worker ants
  3 hound zombies
  A worker ant zombie (D:7)
  7 adders
  2 oozes
  7 worms
  A dart slug (D:2)
  6 giant geckos
  25 orcs
  5 giant cockroaches
  11 goblins
  3 hobgoblins
  7 jackals
  2 kobolds
  3 quokkas
  3 ball pythons
  6 bats
  A giant gecko skeleton (D:4)
  7 giant newts
  A quokka skeleton (D:4)
  A quokka zombie (D:6)
  7 rats
147 creatures vanquished.

Vanquished Creatures (collateral kills)
  The ghost of Tomstefer the Ruffian, an amateur VSMo (D:4)
  A necrophage (D:7)
  A wight (D:7)
  A human zombie (D:7)
  A human skeleton (D:7)
  An ogre zombie (D:7)
  An orc (D:4)
  A giant cockroach zombie (D:6)
  An orc zombie (D:7)
  A fungus (D:4)
10 creatures vanquished.

Vanquished Creatures (others)
  3 fungi (D:4)
3 creatures vanquished.

Grand Total: 160 creatures vanquished

Notes
Turn   | Place    | Note
--------------------------------------------------------------
     0 | D:1      | dvd the Deep Dwarf Necromancer began the quest for the Orb.
     0 | D:1      | Reached XP level 1. HP: 15/15 MP: 3/3
   274 | D:1      | Reached XP level 2. HP: 22/22 MP: 0/4
   361 | D:1      | Reached skill level 5 in Necromancy
   767 | D:2      | Reached XP level 3. HP: 28/28 MP: 1/6
   784 | D:2      | Found a faded altar to an unknown god.
   861 | D:2      | Learned a level 3 spell: Vampiric Draining
  1713 | D:3      | Reached XP level 4. HP: 23/36 MP: 1/7
  1780 | D:3      | Found a shadowy altar of Dithmenos.
  2203 | D:3      | Found a burning altar of Makhleb.
  2514 | D:4      | Reached skill level 6 in Necromancy
  2599 | D:4      | Learned a level 4 spell: Animate Dead
  2786 | D:4      | Reached XP level 5. HP: 40/42 MP: 1/9
  3073 | D:4      | Noticed an ogre
  3093 | D:4      | Killed an ogre
  3093 | D:4      | Reached XP level 6. HP: 46/49 MP: 0/11
  3300 | D:4      | Found a shattered altar of Ashenzari.
  3626 | D:4      | Got a warped cloak
  3632 | D:4      | Identified the +1 cloak of the Beekeeper {Int+3} (You found it on level 4 of the Dungeon)
  3872 | D:4      | Found a blossoming altar of Fedhas.
  3876 | D:4      | Noticed Tomstefer's ghost (amateur VSMo)
  3887 | D:5      | Entered Level 5 of the Dungeon
  4378 | D:5      | Found a staircase to the Ecumenical Temple.
  4387 | Temple   | Entered the Ecumenical Temple
  4573 | D:5      | Reached XP level 7. HP: 42/55 MP: 9/13
  4936 | D:5      | Reached skill level 7 in Necromancy
  5017 | D:5      | Learned a level 4 spell: Control Undead
  5231 | D:5      | Found an oddly glowing altar of Pakellas.
  5316 | D:4      | Killed Tomstefer's ghost
  5631 | D:6      | Found Zoen Wuich's General Store.
  5682 | D:6      | Reached skill level 5 in Spellcasting
  5973 | D:6      | Reached XP level 8. HP: 61/63 MP: 5/15
  6092 | D:6      | Reached skill level 1 in Staves
  6220 | D:6      | Gained mutation: Your body sometimes deteriorates upon taking damage. [potion of mutation]
  6220 | D:6      | Gained mutation: You are clumsy. (Dex -2) [potion of mutation]
  6220 | D:6      | Gained mutation: You are very clumsy. (Dex -4) [potion of mutation]
  7188 | D:7      | Reached skill level 1 in Fighting
  7415 | D:7      | Reached skill level 5 in Dodging
  7700 | D:7      | Reached skill level 8 in Necromancy
  8267 | D:7      | Slain by a mummy

Vault maps used:
D:1:      dpeg_arrival_simpleton_a, corexii_corridor_pit
D:2:      ecumenical_altar_1
D:3:      nicolae_dithmenos_shadow_blocks, makhleb_heckhound_becter,
          serial_bayou_pond_c
D:4:      marbit_many_paths, fedhas_altar_3
D:5:      kennysheep_mini_moat, minmay_temple_entry_glassed_door, first_bread,
          minmay_misc_feat_ornament
D:6:      serial_shops, shop_statue, lightli_minifort
D:7:      lemuel_mausoleum_altar_kikubaaqudgha
Temple:   roderic_octagonal_lattice_temple

Skill      XL: |  1  2  3  4  5  6  7  8 |
---------------+-------------------------+-----
Necromancy     | 5 6 7 8 |  8.2
Spellcasting   | 2 3 4 5 6 |  6.3
Stealth        | 3 |  3.5
Dodging        | 3 4 5 |  5.8
Staves         | 1 |  1.0
Fighting       | 1 |  1.3
Short Blades   | |  0.5
Axes           | |  0.7
Maces & Flails | |  0.6
Slings         | |  0.9
Throwing       | |  0.1

Action                   |  1- 3 |  4- 6 |  7- 9 || total
-------------------------+-------+-------+-------++-------
Melee: Short sword       |    35 |    71 |     3 ||   109
       Staff             |       |     1 |   202 ||   203
       Flail             |       |       |   135 ||   135
       War axe           |       |       |    50 ||    50
 Fire: Hunting sling     |     3 |       |     7 ||    10
Throw: Tomahawk          |       |     1 |     6 ||     7
 Cast: Pain              |    41 |    31 |    17 ||    89
       Vampiric Draining |    14 |    33 |    61 ||   108
       Animate Dead      |       |     6 |     5 ||    11
       Control Undead    |       |       |     8 ||     8
  Use: Scroll            |       |       |    14 ||    14
       Potion            |       |       |     8 ||     8
 Stab: Sleeping          |     1 |     5 |     2 ||     8
  Eat: Chunk             |     5 |    13 |    13 ||    31
       Fruit             |       |       |     2 ||     2
       Beef jerky        |       |       |     1 ||     1
